 Dungeon Crawl Stone Soup version 0.32-a0-612-g1c984fe9d1 (webtiles) character file.

Game seed: 7484580874787016575

52095 gimp the Carver (level 14, -15/102 (110) HPs)
             Began as a Coglin Artificer on Mar 4, 2024.
             Was an Elder of Ru.
             Demolished by a tentacled starspawn (18 damage)
             ... on level 2 of the Abyss.
             The game lasted 00:44:11 (19328 turns).

gimp the Carver (Coglin Artificer)                 Turns: 19328, Time: 00:44:11

HP:   -15/102 (110) AC: 13    Str: 12    XL:     14   Next: 62%
MP:   14/14         EV: 17    Int: 13    God:    Ru [****..]
Gold: 777           SH:  0    Dex: 18    Spells: 13/13 levels left

rFire   . . .        z - +2 long sword (drain) {Khenut}
rCold   . . .        r - +1 long sword (venom) {Kamaljyot}
rNeg    . . .        B - +3 swamp dragon scales
rPois   +            H - +1 helmet
rElec   +            (no cloak)
rCorr   .            (no gloves)
SInv    .            e - +0 pair of boots
Will    ++...        (amulet unavailable) Stlth
                     (ring unavailable)
HPRegen 0.37/turn    (ring unavailable)
MPRegen 0.14/turn    A
                       - BB-80 retrosamoflange {Rampage Acrobat rElec Will+}

%: acrobat, rampage
@: exhausted, about to teleport, drained, revved
A: inability to drink after injury 2, no stealth, disrupted magic 1, unskilled
1, no forms, off-hand wielding, slow wielding, warmup strikes, no jewellery
a: Renounce Religion, Draw Out Power, Power Leap


You were on level 2 of the Abyss.
You worshipped Ru.
Ru was greatly pleased with you.
You visited 3 branches of the dungeon, and saw 15 of its levels.
You visited the Abyss 1 time.
You also visited: Bailey and Volcano.

You collected 1281 gold pieces.
You spent 504 gold pieces at shops.

Inventory:

Hand Weapons
 i - the +1 short sword of the Flying Boar {venom, Dex+4 Stlth+}
   (You found it on level 7 of the Dungeon)

   Dex+4:     It affects your dexterity (+4).
   Stlth+:    It makes you more stealthy.
 r - a +1 long sword of venom (offhand) {Kamaljyot}
 z - a +2 long sword of draining (weapon) {Khenut}
 E - a +0 short sword of electrocution {Ishleen}
 F - the +2 long sword "Vatik" {speed, *Rage rF+ Str-2 Int+5}
   (You found it on level 2 of the Orcish Mines)

   Str-2:     It affects your strength (-2).
   Int+5:     It affects your intelligence (+5).
   rF+:       It protects you from fire.
   *Rage:     It berserks you when you make melee attacks (+20% chance).
 M - the +1 whip of Sulphur {heavy, rPois rC++ Will++}
   (You found it on level 11 of the Dungeon)

   rC++:      It greatly protects you from cold.
   rPois:     It protects you from poison.
   Will++:    It greatly increases your willpower.
Missiles
 q - a throwing net
 I - a curare-tipped dart
Armour
 e - a +0 pair of boots (worn)
 B - +3 swamp dragon scales (worn)
 C - +0 acid dragon scales
 H - a +1 helmet (worn)
Gizmo
 A - a BB-80 retrosamoflange (installed) {Rampage Acrobat rElec Will+}
   (You invented it yourself on level 1 of the Lair of Beasts)

   [BB-80 retrosamoflange]

   rElec:     It insulates you from electricity.
   Will+:     It increases your willpower.
   Rampage:   It bestows one free step when moving towards enemies.
   Acrobat:   It increases your evasion after moving or waiting.
Wands
 c - a wand of flame (38)
 d - a wand of charming (12)
 f - a wand of warping (20)
 t - a wand of mindburst (18)
 y - a wand of digging (2)
Scrolls
 g - a scroll of poison
 k - 5 scrolls of teleportation
 l - 7 scrolls of fog
 m - 2 scrolls of vulnerability
 o - 2 scrolls of fear
 p - 2 scrolls of immolation
 s - a scroll of torment
 u - a scroll of silence
 K - a scroll of amnesia
 L - a scroll of brand weapon
 N - 3 scrolls of enchant armour
 P - a scroll of enchant weapon
Potions
 a - 5 potions of mutation
 b - a potion of brilliance
 h - a potion of might
 j - 5 potions of haste
 n - a potion of heal wounds
 v - a potion of magic
 w - 2 potions of enlightenment
 D - 2 potions of cancellation
 G - 4 potions of curing


   Skills:
 + Level 10.1 Fighting
 - Level 14.0 Long Blades
 - Level 1.5 Armour
 + Level 12.2 Dodging
 + Level 12.0 Evocations


You had 13 spell levels left.
You didn't know any spells.
Your spell library contained the following spells:

 Spells                   Type           Power      Damage    Failure   Level
 Necrotise                Necr           0%         1d4       65%         1
 Blink                    Tloc           0%         N/A       78%         2
 Lesser Beckoning         Tloc           0%         N/A       78%         2
 Momentum Strike          Conj/Tloc      0%         3d8       78%         2
 Dazzling Flash           Conj/Hex       0%         N/A       94%         3
 Hailstorm                Conj/Ice       0%         3d5       94%         3
 Inner Flame              Hex/Fire       0%         N/A       94%         3
 Passwall                 Erth           0%         N/A       94%         3
 Summon Ice Beast         Ice/Summ       0%         N/A       94%         3
 Tukima's Dance           Hex            0%         N/A       94%         3
 Vampiric Draining        Necr           0%         2d6       94%         3
 Animate Armour           Summ/Erth      0%         N/A       100%        4
 Cause Fear               Hex            0%         N/A       100%        4
 Martyr's Knell           Necr/Summ      0%         N/A       100%        4
 Passage of Golubria      Tloc           0%         N/A       100%        4
 Summon Lightning Spire   Summ/Air       0%         N/A       100%        4
 Curse of Agony           Necr           0%         N/A       100%        5
 Fireball                 Conj/Fire      0%         3d3       100%        5
 Irradiate                Conj/Alch      0%         3d11      100%        5
 Lee's Rapid Deconstruct  Erth           0%         3d4*      100%        5
 Summon Forest            Summ/Tloc      0%         N/A       100%        5
 Summon Mana Viper        Hex/Summ       0%         N/A       100%        5
 Yara's Violent Unravell  Hex/Alch       0%         3d3       100%        5
 Sculpt Simulacrum        Ice/Alch       0%         N/A       100%        6
 Summon Cactus Giant      Summ           0%         N/A       100%        6
 Monstrous Menagerie      Summ           0%         N/A       100%        7
 Ignition                 Fire           0%         3d3       100%        8
 Lehudib's Crystal Spear  Conj/Erth      0%         10d2      100%        8
 Dragon's Call            Summ           0%         N/A       100%        9


Dungeon Overview and Level Annotations

Branches:
Dungeon (12/15)            Temple (0/1) D:6            Lair (1/5) D:9
    Orc (2/2) D:12            Elf (0/3) Orc:2        Bailey (visited)
Volcano (visited)

Altars:
Kikubaaqudgha
Ru
Sif Muna
Uskayaw
Xom
Yredelemnul
Beogh

Shops:
D:3 ?   D:4 (   D:6 ?   Orc:2 ?(*?

Annotations:
D:9 1 runed translucent door, exclusion: door, Larett's ghost, novice MiBe
Orc:2 exclusion: door, Saint Roka


Innate Abilities, Weirdness & Mutations

You sometimes lose the ability to drink potions when taking damage.
You cannot be stealthy.
Your casting is slightly disrupted.
You are somewhat unskilled. (-1 Apt)
You cannot voluntarily change form.
You can wield a second weapon in your off-hand.
It takes a long time for you to wield or remove held weapons.
Your first few attacks do less damage.
You cannot equip rings or amulets.


Message History

You slash the Executioner with your +2 long sword of draining!
The Executioner misses you. The Executioner completely misses you.
The Executioner hits you but does no damage.
The Executioner barely misses you. x2; The Executioner misses you.
You hit the Executioner but do no damage.
The Executioner is severely wounded.
You slash the Executioner with your +1 long sword of venom!
The Executioner closely misses you. The Executioner hits you. x2
The Executioner misses you. The Executioner hits you.
You focus your inner power and illuminate the Executioner in retribution!
The Executioner hits you.
You take 6 damage, and have 57/102 hp.
You strike the helpless Executioner from behind!
You slash the Executioner with your +2 long sword of draining!
You kill the Executioner!
A small abomination comes into view.
The laughing skull begins to attack, but is stunned by your conviction!
A small abomination comes into view.
Your Evocations skill increases to level 12!
A laughing skull, an iron imp, a vampire mage and a tentacled starspawn come into view.
Okay, then.
Unknown command.
Unknown command.
Unknown command.
Okay, then.
Unknown command.
The laughing skull attacks as it pursues you!
The laughing skull completely misses you.
A tentacled starspawn comes into view.
The laughing skull begins to attack, but is stunned by your conviction!
The laughing skull completely misses you.
The laughing skull attacks as it pursues you!
The laughing skull headbutts you.
You focus your inner power and slow the laughing skull in retribution!
You take 4 damage, and have 54/107 hp.
The laughing skull cackles spitefully.
The bolt of negative energy misses you.
A tentacle flies out from the starspawn's body!
A starspawn tentacle comes into view.
The vampire mage gestures wildly while chanting.
The vampire mage flickers and vanishes!
Deactivating autopickup; reactivate with Ctrl-A.
You can drink potions again.
You rampage towards the laughing skull!
You miss the laughing skull with your +1 long sword of venom.
You slice the laughing skull with your +2 long sword of draining!!
The laughing skull headbutts you but does no damage.
You closely miss the laughing skull with your +2 long sword of draining.
The laughing skull is severely damaged.
You hit the laughing skull with your +1 long sword of venom.
The laughing skull begins to attack, but is stunned by your conviction!
You miss the laughing skull with your +2 long sword of draining.
The laughing skull is almost destroyed.
You slash the laughing skull with your +1 long sword of venom!
You destroy the laughing skull!
You barely miss the small abomination with your +1 long sword of venom.
You hit the small abomination with your +2 long sword of draining.
You slash the small abomination with your +1 long sword of venom!
The small abomination is severely damaged.
You barely miss the small abomination with your +2 long sword of draining.
You feel less exhausted. The small abomination hits you!
You take 16 damage, and have 41/107 hp.
You are restored by drawing out deep reserves of power within.
You feel drained.
The small abomination completely misses you.
You regained 30 hp, and now have 71/101 hp.
You hit the small abomination but do no damage.
The small abomination is severely damaged.
You closely miss the small abomination with your +2 long sword of draining.
The small abomination hits you!
You take 8 damage, and have 63/101 hp.
You slash the small abomination with your +1 long sword of venom!
You destroy the small abomination!
You redirect the tentacled starspawn's attack!
You redirect something's attack!
You rampage towards the tentacled starspawn!
You hit the tentacled starspawn but do no damage.
You slash the tentacled starspawn with your +2 long sword of draining!
The tentacled starspawn bites you.
The tentacled starspawn tentacle-slaps you!
You focus your inner power and illuminate the tentacled starspawn in retribution!
You take 16 damage, and have 49/102 hp.
You are too injured to fight recklessly!
You slash the tentacled starspawn with your +2 long sword of draining!
The tentacled starspawn is moderately damaged.
You hit the tentacled starspawn with your +1 long sword of venom.
The tentacled starspawn completely misses you.
The tentacled starspawn tentacle-slaps you!
Tentacles burst from the starspawn's body! 2 starspawn tentacles come into view.
You take 14 damage, and have 35/102 hp.
As you read the scroll of teleportation, it crumbles to dust.
You feel strangely unstable.
You feel the power of the Abyss delaying your translocation!
The tentacled starspawn bites you!!
* * * LOW HITPOINT WARNING * * *
The tentacled starspawn tentacle-slaps you!!
You die...
Ru respects your ultimate sacrifice. ....... .' .. {5# # # # x # ## # .zwXX.

.## # ..##
.#.#
#.###..#z##.#
. # . # ..#
..# #.
#######X#..#
.# #.@X{#...#
. #.##wX.##.#
. ...# .#w#
## #.#....
...# ..
#....## # ..
###.# # # ##.
.


You could see 2 tentacled starspawn and 2 starspawn tentacles.

Vanquished Creatures
  A shard shrike skeleton (Abyss:2)
  An Executioner (Abyss:2)
  2 orc warlords (Orc:2)
  A draconian annihilator (Abyss:2)
  An ettin (Orc:2)
  A great orb of eyes (Abyss:2)
  An ogre mage (Orc:2)
  8 two-headed ogres
  A demonic crawler (Abyss:2)
  5 orc high priests (Orc:2)
  A sixfirhy (Abyss:2)
  A deep elf pyromancer (D:12)
  3 orc knights (Orc:2)
  3 large abominations (Abyss:2)
  4 orc sorcerers (Orc:2)
  4 manticores
  An ugly thing (D:11)
  4 cyclopes
  A black mamba (Lair:1)
  2 smoke demons (Abyss:2)
  4 kobold blastminers (Orc:2)
  3 toenail golems (Volcano)
  A cane toad (Lair:1)
  Maggie (D:7)
  A torpor snail (Lair:1)
  An unseen horror (D:12)
  A kobold demonologist (D:10)
  A rime drake (Lair:1)
  A yaktaur (D:11)
  A freezing wraith (Abyss:2)
  2 komodo dragons
  5 trolls
  A polar bear (shapeshifter) (D:11)
  A hornet (D:9)
  4 dream sheep (Lair:1)
  Sigmund (D:4)
  3 slime creatures (D:10)
  2 shadows
  7 spriggans (Bailey)
  2 wyverns
  A small abomination (Abyss:2)
  A vampire (D:12)
  2 ynoxinuls (Abyss:2)
  2 wraiths
  2 fire elementals (Lair:1)
  2 golden eyes (Abyss:2)
  7 wargs (Orc:2)
  18 yaks
  3 basilisks
  A chaos spawn (Abyss:2)
  A steam dragon (Bailey)
  2 humans (Volcano)
  Menkaure (D:6)
  Edmund (D:4)
  An acid dragon (shapeshifter) (D:11)
  2 acid dragons
  5 water moccasins
  45 orc warriors
  An ice beast (D:6)
  2 laughing skulls (Abyss:2)
  2 black bears
  8 centaurs
  19 ogres
  A boggart (D:11)
  A phantom (D:6)
  Blork the orc (D:4)
  2 kobold brigands
  7 bullfrogs
  A gnoll sergeant (D:8)
  2 scorpions (D:5)
  9 wights
  4 killer bees (D:9)
  A howler monkey (D:6)
  4 bombardier beetles
  A jelly (D:4)
  A bullfrog zombie (D:4)
  3 gnoll boudas
  3 hounds
  32 orc priests
  A sleepcap (D:6)
  Terence (D:3)
  A scorpion zombie (D:4)
  5 iguanas
  21 orc wizards
  2 adders
  18 gnolls
  A shadow imp (D:8)
  2 white imps
  2 ufetubi (D:7)
  2 adder zombies (D:4)
  3 ribbon worms
  95 orcs
  10 ball pythons
  9 endoplasms
  6 giant cockroaches
  13 goblins
  11 hobgoblins
  3 jackals (D:4)
  16 kobolds
  4 quokkas
  5 bats
  6 frilled lizards
  16 rats
544 creatures vanquished.

Vanquished Creatures (collateral kills)
  A wretched star (Abyss:2)
  A wraith (Abyss:2)
  2 wights (Abyss:2)
  3 gnolls (D:5)
7 creatures vanquished.

Vanquished Creatures (others)
  An orc knight (Orc:2)
  A manticore (D:11)
  An orc sorcerer (Orc:1)
  An ogre (Bailey)
  A gnoll (D:8)
  An orc (Orc:2)
  6 starspawn tentacles (Abyss:2)
12 creatures vanquished.

Grand Total: 563 creatures vanquished

Notes
Turn   | Place    | Note
-------+----------+-------------------------------------------
     0 | D:1      | gimp the Coglin Artificer began the quest for the Orb.
     0 | D:1      | Reached XP level 1. HP: 15/15 MP: 1/1
    19 | D:1      | Reached skill level 1 in Dodging
   133 | D:1      | Reached skill level 1 in Long Blades
   133 | D:1      | Reached XP level 2. HP: 21/21 MP: 2/2
   487 | D:1      | Reached XP level 3. HP: 26/26 MP: 3/3
   807 | D:1      | Reached skill level 2 in Long Blades
  1343 | D:2      | Identified the orb "Yluelem" {mayhem, rElec Regen+ MP+9
                  | Int+3}
  1440 | D:2      | Reached XP level 4. HP: 30/33 MP: 4/4
  1977 | D:3      | Found a faded altar of an unknown god.
  2007 | D:3      | Found Qon Awunk's Magic Scroll Shop.
  2012 | D:3      | Bought a scroll of fear for 48 gold pieces
  2012 | D:3      | Bought a scroll of identify for 24 gold pieces
  2032 | D:3      | Noticed Terence
  2065 | D:3      | Killed Terence
  2066 | D:3      | Reached skill level 3 in Long Blades
  2066 | D:3      | Reached XP level 5. HP: 39/39 MP: 5/5
  2385 | D:3      | Found a shimmering blue altar of Sif Muna.
  2389 | D:3      | Found an ancient bone altar of Kikubaaqudgha.
  2390 | D:3      | Found a hide-covered altar of Uskayaw.
  2394 | D:3      | Found a sacrificial altar of Ru.
  2595 | D:3      | Became a worshipper of Ru the Awakened
  2664 | D:4      | Found a basalt altar of Yredelemnul.
  2741 | D:4      | Reached XP level 6. HP: 46/46 MP: 6/6
  2829 | D:4      | Reached skill level 4 in Long Blades
  2863 | D:4      | Identified the +0 scale mail "Acwera" {rC+ Dex+2}
  2924 | D:4      | Identified the +5 ring mail of Chill Winds {Fly Str-4 Dex+6
                  | SInv}
  3113 | D:4      | Noticed Blork the orc
  3131 | D:4      | Killed Blork the orc
  3287 | D:4      | Noticed Sigmund
  3289 | D:4      | Killed Sigmund
  3290 | D:4      | Reached skill level 5 in Long Blades
  3290 | D:4      | Reached XP level 7. HP: 53/53 MP: 7/7
  3383 | D:4      | Found Zosuups's Weapon Emporium.
  3826 | D:4      | Gained mutation: You cannot voluntarily change form. [Ru
                  | sacrifice]
  3928 | D:4      | Noticed Edmund
  3938 | D:4      | Killed Edmund
  3939 | D:4      | Reached skill level 6 in Long Blades
  4098 | D:5      | Entered Level 5 of the Dungeon
  4110 | D:5      | Reached XP level 8. HP: 60/60 MP: 8/8
  4761 | D:5      | Reached skill level 7 in Long Blades
  4830 | D:5      | Reached skill level 5 in Fighting
  5180 | D:6      | Noticed Menkaure
  5186 | D:6      | Killed Menkaure
  5187 | D:6      | Reached skill level 5 in Dodging
  5192 | D:6      | Reached skill level 8 in Long Blades
  5192 | D:6      | Reached XP level 9. HP: 44/68 MP: 9/9
  5399 | D:6      | Noticed a two-headed ogre
  5411 | D:6      | Killed a two-headed ogre
  5412 | D:6      | Reached skill level 9 in Long Blades
  5608 | D:6      | Found a staircase to the Ecumenical Temple.
  5766 | D:6      | Reached skill level 10 in Long Blades
  5821 | D:6      | Noticed a two-headed ogre
  5849 | D:6      | Killed a two-headed ogre
  5850 | D:6      | Reached XP level 10. HP: 62/74 MP: 10/10
  5901 | D:6      | Found The Oracle's Delphic Readings.
  5905 | D:6      | Bought a scroll of blinking for 82 gold pieces
  5905 | D:6      | Bought a scroll of teleportation for 33 gold pieces
  5905 | D:6      | Bought a scroll of identify for 22 gold pieces
  5905 | D:6      | Bought a scroll of identify for 22 gold pieces
  6092 | D:7      | Identified the +1 short sword of the Flying Boar {venom,
                  | Dex+4 Stlth+}
  6142 | D:7      | Gained mutation: Your casting is slightly disrupted. [Ru
                  | sacrifice]
  6142 | D:7      | Reached * piety under Ru
  6354 | D:7      | Reached skill level 11 in Long Blades
  6371 | D:7      | Found a flagged portal.
  6383 | Bailey   | Entered a bailey
  6596 | Bailey   | Noticed a two-headed ogre
  6648 | Bailey   | Reached skill level 12 in Long Blades
  6726 | Bailey   | Killed a two-headed ogre
  6880 | D:7      | Noticed Maggie
  6904 | D:7      | Killed Maggie
  7102 | D:7      | Reached XP level 11. HP: 77/79 MP: 11/11
  7570 | D:8      | Reached skill level 13 in Long Blades
  8411 | D:9      | Noticed Larett's ghost (novice MiBe)
  8411 | D:9      | Noticed a +2 dire flail of chaos
  8411 | D:9      | Found a runed translucent door.
  8411 | D:9      | Found a shimmering altar of Xom.
  8473 | D:9      | Gained mutation: You are somewhat unskilled. (-1 Apt) [Ru
                  | sacrifice]
  8473 | D:9      | Reduced skill Long Blades to level 12
  8473 | D:9      | Reached ** piety under Ru
  8686 | D:9      | Found a staircase to the Lair.
  9455 | D:10     | Entered Level 10 of the Dungeon
  9791 | D:10     | Reached skill level 13 in Long Blades
 10308 | D:11     | Noticed a two-headed ogre
 10318 | D:11     | Killed a two-headed ogre
 10345 | D:11     | Noticed a two-headed ogre
 10352 | D:11     | Killed a two-headed ogre
 10487 | D:11     | Noticed a cyclops
 10507 | D:11     | Killed a cyclops
 10518 | D:11     | Reached XP level 12. HP: 77/84 MP: 12/12
 10598 | D:11     | Gained mutation: You occasionally lose the ability to drink
                  | potions when taking damage. [Ru sacrifice]
 10598 | D:11     | Gained mutation: You sometimes lose the ability to drink
                  | potions when taking damage. [Ru sacrifice]
 10598 | D:11     | Reached *** piety under Ru
 10869 | D:11     | Identified the +1 whip of Sulphur {heavy, rPois rC++
                  | Will++}
 11060 | D:11     | Reached skill level 14 in Long Blades
 11261 | D:11     | Got the Guidebook on Ashen Assaults
 11657 | D:12     | Reached skill level 5 in Fighting
 12217 | D:12     | Found a staircase to the Orcish Mines.
 12271 | D:12     | Reached skill level 5 in Evocations
 12880 | Orc:1    | Entered Level 1 of the Orcish Mines
 13260 | Orc:2    | Entered Level 2 of the Orcish Mines
 13262 | Orc:2    | Noticed a two-headed ogre
 13554 | Orc:2    | Gained mutation: You cannot be stealthy. [Ru sacrifice]
 13554 | Orc:2    | Reached **** piety under Ru
 13622 | Orc:2    | Reached skill level 10 in Dodging
 13659 | Orc:2    | Killed a two-headed ogre
 14128 | Orc:2    | Noticed an ogre mage
 14128 | Orc:2    | Noticed an ettin
 14155 | Orc:2    | Killed an ettin
 14156 | Orc:2    | Reached XP level 13. HP: 94/95 MP: 13/13
 14383 | Orc:2    | Found a roughly hewn altar of Beogh.
 14853 | Orc:2    | Found Ywaxarun's Assorted Antiques.
 14864 | Orc:2    | Found Fuafamp's Magic Scroll Shop.
 14985 | Orc:2    | Noticed an orc warlord
 15004 | Orc:2    | Killed an orc warlord
 15563 | Orc:2    | Noticed Saint Roka
 16479 | Orc:2    | Found a staircase to the Elven Halls.
 16594 | Orc:2    | Identified the +2 long sword "Vatik" {speed, *Rage rF+
                  | Str-2 Int+5}
 17047 | Orc:2    | Noticed an orc warlord
 17054 | Orc:2    | Killed an orc warlord
 17135 | Orc:2    | Found Cacokoa's Antique Weapon Boutique.
 17164 | Orc:2    | Reached skill level 10 in Evocations
 17197 | Orc:2    | Found a roughly hewn altar of Beogh.
 17212 | Orc:2    | Found Jiomenech's Magic Scroll Shop.
 17677 | Orc:2    | Bought a scroll of identify for 28 gold pieces
 17677 | Orc:2    | Bought a scroll of identify for 28 gold pieces
 17677 | Orc:2    | Bought a scroll of identify for 28 gold pieces
 17677 | Orc:2    | Bought a scroll of identify for 28 gold pieces
 17677 | Orc:2    | Bought a scroll of fog for 56 gold pieces
 17677 | Orc:2    | Bought a scroll of enchant armour for 105 gold pieces
 17820 | Lair:1   | Entered Level 1 of the Lair of Beasts
 17827 | Lair:1   | Reached XP level 14. HP: 106/106 MP: 14/14
 17827 | Lair:1   | Acquired a BB-80 retrosamoflange {Rampage Acrobat rElec
                  | Will+}
 18302 | Lair:1   | Found a dark tunnel.
 18307 | Volcano  | Entered a volcano
 18424 | Abyss:2  | Cast into level 2 of the Abyss (an occultist)
 18510 | Abyss:2  | Noticed a starcursed mass
 18517 | Abyss:2  | Found a corrupted altar of Lugonu.
 18530 | Abyss:2  | Found a corrupted altar of Lugonu.
 18689 | Abyss:2  | Noticed a red very ugly thing
 18744 | Abyss:2  | Noticed a tentacled starspawn
 18745 | Abyss:2  | Noticed a tentacled starspawn
 18758 | Abyss:2  | Noticed a starcursed mass
 19130 | Abyss:2  | Noticed a yellow draconian annihilator
 19185 | Abyss:2  | Killed a yellow draconian annihilator
 19186 | Abyss:2  | Reached skill level 10 in Fighting
 19299 | Abyss:2  | Noticed an Executioner
 19304 | Abyss:2  | Killed an Executioner
 19305 | Abyss:2  | Noticed a tentacled starspawn
 19306 | Abyss:2  | Noticed a tentacled starspawn
 19328 | Abyss:2  | HP: 3/102 [tentacled starspawn (33)]
 19328 | Abyss:2  | Demolished by a tentacled starspawn

Illustrated notes

Levels and vault maps discovered:
D:1:      dpeg_arrival_ratfight, layout_loops_corners
D:2:      layout_basic
D:3:      layout_basic, minitemple, serial_shops, shop,
          shapermc_ecumenical_altar_petra, hangedman_decor_growths,
          dk_noncrumbling_4, minmay_misc_feat_secret_circle, hex_tiny,
          uniq_terence
D:4:      layout_gridville, nicolae_yredelemnul_corpse_copse, serial_shops,
          shop, hangedman_feature_mirror, uniq_edmund, uniq_sigmund,
          uniq_blork_the_orc
D:5:      layout_basic
D:6:      layout_basic, minmay_temple_entry_grid, minivault_4,
          nicolae_nh_oracle_at_delphi, uniq_menkaure
D:7:      layout_loops_cross, enter_bailey_3, uniq_maggie
D:8:      layout_basic
D:9:      layout_irregular_city, david_lair_generic, ebering_ghost_xom
D:10:     layout_roguey
D:11:     minmay_blocky_corners, layout_irregular_city, serial_column_ruins,
          column_ruins_hut_water, column_ruins_open_small,
          column_ruins_open_tiny_water, column_ruins_open_small,
          column_ruins_open_tiny, column_ruins_open_tiny,
          column_ruins_open_tiny, column_ruins_columns_straight
D:12:     layout_basic, orc_0_dummy
Lair:1:   layout_chaotic_city, enter_volcano_4
Orc:1:    layout_caves
Orc:2:    pubby_orc_utopia, uniq_saint_roka
Abyss:2:  base:
D:13
Volcano:  volcano_bunker

Skill      XL: |  1  2  3  4  5  6  7  8  9 10 11 12 13 14 |
---------------+-------------------------------------------+-----
Dodging        | 1 2 3 5 6 8 8 10 11 12 | 12.2
Long Blades    | 1 2 3 5 6 8 10 12 13 14 | 14.0
Fighting       | 2 3 4 5 4 6 8 10 | 10.1
Evocations     | 3 7 10 12 | 12.0
Armour         | |  1.5

Action                     |  1- 3 |  4- 6 |  7- 9 | 10-12 | 13-15 || total
---------------------------+-------+-------+-------+-------+-------++-------
  Melee: Dagger            |   189 |   438 |    32 |       |       ||   659
         Club              |     2 |       |       |       |       ||     2
         Short sword       |       |       |   207 |   551 |   335 ||  1093
         Falchion          |       |       |   186 |   108 |       ||   294
         Long sword        |       |       |       |   491 |   753 ||  1244
 Invoke: Sacrifice Forms   |       |       |     1 |       |       ||     1
         Sacrifice Essence |       |       |       |     1 |       ||     1
         Sacrifice Skill   |       |       |       |     1 |       ||     1
         Sacrifice Drink   |       |       |       |     1 |       ||     1
         Sacrifice Stealth |       |       |       |     1 |       ||     1
         Draw Out Power    |       |       |       |       |     4 ||     4
         Reject Sacrifices |       |       |       |       |     1 ||     1
Ability: Invent Gizmo      |       |       |       |       |     1 ||     1
  Evoke: Wand              |     3 |     2 |    15 |    19 |    17 ||    56
    Use: Scroll            |       |     5 |     2 |    11 |    11 ||    29
         Potion            |       |       |       |     4 |     5 ||     9
   Stab: Sleeping          |     6 |       |     1 |     1 |       ||     8
         Distracted        |     1 |     1 |       |     3 |       ||     5
         Invisible         |       |       |       |     3 |     9 ||    12
 Armour: Leather armour    |    53 |    73 |       |       |       ||   126
         Ring mail         |       |    19 |   116 |    44 |       ||   179
         Swamp dragon scal |       |       |       |   286 |   206 ||   492
  Dodge: Dodged            |    40 |   122 |   142 |   346 |   250 ||   900

Table legend: (Time is in decaauts)
 A = Elapsed time spent in this place.
 B = Non-inter-level travel time spent in this place.
 C = Inter-level travel time spent in this place.
 D = Time resting spent in this place.
 E = Time spent auto-exploring this place.
 F = Levels seen in this place.
 G = Mean time per level.
                   A        B        C        D        E       F      G
               +--------+--------+--------+--------+--------+-----+--------+
         Total |  19009 |  18057 |    952 |   2025 |  11576 |  18 | 1056.1 |
       Dungeon |  12339 |  11659 |    680 |    302 |   8942 |  12 | 1028.2 |
          Lair |    464 |    422 |     42 |      0 |     82 |   1 |  464.0 |
  Orcish Mines |   4783 |   4553 |    230 |   1051 |   2415 |   2 | 2391.5 |
         Abyss |    886 |    886 |      0 |    502 |     58 |   1 |  886.0 |
        Bailey |    411 |    411 |      0 |    104 |     78 |   1 |  411.0 |
       Volcano |    124 |    124 |      0 |     65 |      1 |   1 |  124.0 |
               +--------+--------+--------+--------+--------+-----+--------+

Top non-repeatable levels by time:
   Orc:2: 3683 daAuts
     D:4: 1423 daAuts
    D:12: 1267 daAuts
    D:11: 1193 daAuts
   Orc:1: 1099 daAuts
     D:3: 1091 daAuts
     D:8: 1060 daAuts
     D:9: 1047 daAuts
     D:5: 1000 daAuts
    D:10: 954 daAuts
     D:1: 952 daAuts
     D:6: 911 daAuts
 Abyss:2: 886 daAuts
     D:7: 835 daAuts
     D:2: 601 daAuts
